| TOP OF THE 1ST |
|
Rochester Red Wings batting - Pitching for Norfolk Tides : RHP John Piccola
|
|
Pitching: RHP John Piccola
|
|
|
Batting: SHB Manny Molina
|
0-0: Bunt missed! 0-1: Ball 1-1: Ball 2-1: Foul Ball, location: 2F 2-2: Ball 3-2: Foul Ball, location: 2F 3-2: Strikes out swinging
|
|
Batting: SHB Ian Thompson
|
0-0: Called Strike 0-1: Ball 1-1: Ground out 4-3 (Groundball, 4, EV 93.1 MPH)
|
|
Batting: SHB Dan Morataya
|
0-0: Called Strike 0-1: Fly out, F6 (Popup, P, EV 78.8 MPH)
|
| Top of the 1st over - 0 runs, 0 hits, 0 errors, 0 left on base; Rochester 0 - Norfolk 0 |
| BOTTOM OF THE 1ST |
|
Norfolk Tides batting - Pitching for Rochester Red Wings : LHP Matt Walton
|
|
Pitching: LHP Matt Walton
|
|
|
Batting: RHB Bobby Melillo
|
0-0: Ground out 5-3 (Groundball, 56, EV 106.9 MPH)
|
|
Batting: RHB Bobby Scholl
|
0-0: Called Strike 0-1: Foul Ball, location: 2F 0-2: Ball 1-2: Ball 2-2: Foul Ball, location: 2F 2-2: Ball 3-2: Base on Balls
|
|
Batting: RHB Mario Saez
|
0-0: Foul Ball, location: 2F 0-1: Ball 1-1: Ball 2-1: DOUBLE (Line Drive, 5D, EV 109.4 MPH) Bobby Scholl to third Runner from 3rd tries for Home, throw by LF and OUT! 7-6-2 Mario Saez to third
|
|
Batting: RHB Francisco Viera
|
0-0: Ball 1-0: Called Strike 1-1: Foul Ball, location: 2F 1-2: Ball 2-2: Ball 3-2: Base on Balls
|
|
Batting: RHB Ashton Holloway
|
0-0: Ball 1-0: Foul Ball, location: 2F 1-1: Fly out, F6 (Line Drive, 6, EV 66.9 MPH)
|
| Bottom of the 1st over - 0 runs, 1 hit, 0 errors, 2 left on base; Rochester 0 - Norfolk 0 |
| TOP OF THE 2ND |
|
Rochester Red Wings batting - Pitching for Norfolk Tides : RHP John Piccola
|
|
Batting: LHB Jayden Thomas
|
0-0: Foul Ball, location: 2F 0-1: Ground out U3 (Groundball, 3L, EV 108.8 MPH)
|
|
Batting: RHB Juan Espinoza
|
0-0: Swinging Strike 0-1: Ball 1-1: Ground out 6-3 (Groundball, 6S, EV 75.6 MPH)
|
|
Batting: RHB Ryan Gautney
|
0-0: Called Strike 0-1: Foul Ball, location: 2F 0-2: Ball 1-2: Ball 2-2: Ground out 6-3 (Groundball, 6, EV 80.0 MPH)
|
| Top of the 2nd over - 0 runs, 0 hits, 0 errors, 0 left on base; Rochester 0 - Norfolk 0 |
| BOTTOM OF THE 2ND |
|
Norfolk Tides batting - Pitching for Rochester Red Wings : LHP Matt Walton
|
|
Batting: RHB Travis Carter
|
0-0: Ball 1-0: Ball 2-0: Fly out, F8 (Flyball, 8RXD, EV 105.6 MPH)
|
|
Batting: LHB Pat Shaddock
|
0-0: Ball 1-0: Ball 2-0: Foul Ball, location: 2F 2-1: Ball 3-1: Foul Ball, location: 2F 3-2: Fly out, F9 (Flyball, 9, EV 74.4 MPH)
|
|
Batting: LHB Jose Chinchilla
|
0-0: Hit by Pitch
|
|
Batting: RHB Andrew Korman
|
0-0: Called Strike 0-1: Called Strike 0-2: Ball 1-2: Ball 2-2: Foul Ball, location: 2F 2-2: Foul Ball, location: 2F 2-2: Ball 3-2: Ground out 4-3 (Groundball, 34, EV 81.2 MPH)
|
| Bottom of the 2nd over - 0 runs, 0 hits, 0 errors, 1 left on base; Rochester 0 - Norfolk 0 |
| TOP OF THE 3RD |
|
Rochester Red Wings batting - Pitching for Norfolk Tides : RHP John Piccola
|
|
Batting: RHB Mike Craver
|
0-0: Ball 1-0: Foul Ball, location: 2F 1-1: Called Strike 1-2: Ball 2-2: Foul Ball, location: 2F 2-2: Fly out, F6 (Popup, 6MS, EV 79.4 MPH)
|
|
Batting: RHB Jeremy Witt
|
0-0: Ball 1-0: Swinging Strike 1-1: Ground out 2-3 (Groundball, 15S, EV 71.2 MPH)
|
|
Batting: RHB Ratko Macura
|
0-0: Ball 1-0: Ball 2-0: Called Strike 2-1: Ball 3-1: Base on Balls
|
|
Batting: SHB Manny Molina
|
0-0: Ball 1-0: Foul Ball, location: 2F 1-1: SINGLE (Groundball, 3S, EV 66.2 MPH) (infield hit) Ratko Macura to second
|
|
Batting: SHB Ian Thompson
|
0-0: Ball 1-0: Swinging Strike 1-1: Ball 2-1: Foul Ball, location: 2F 2-2: Ball 3-2: Foul Ball, location: 2F Balk! Ratko Macura to third Manny Molina to second 3-2: Foul Ball, location: 2F 3-2: Base on Balls
|
|
Batting: SHB Dan Morataya
|
0-0: Swinging Strike 0-1: Swinging Strike 0-2: Strikes out swinging
|
| Top of the 3rd over - 0 runs, 1 hit, 0 errors, 3 left on base; Rochester 0 - Norfolk 0 |
| BOTTOM OF THE 3RD |
|
Norfolk Tides batting - Pitching for Rochester Red Wings : LHP Matt Walton
|
|
Batting: RHB Bobby Melillo
|
0-0: Foul Ball, location: 2F 0-1: Swinging Strike 0-2: Ball 1-2: Ground out 4-3 (Groundball, 4, EV 100.6 MPH)
|
|
Batting: RHB Bobby Scholl
|
0-0: Ball 1-0: Ball 2-0: Called Strike 2-1: Ball 3-1: Foul Ball, location: 2F 3-2: Base on Balls
|
|
Batting: RHB Mario Saez
|
0-0: Called Strike 0-1: Ball 1-1: Ball 2-1: Swinging Strike 2-2: Ball 3-2: Foul Ball, location: 2F 3-2: Fly out, F7 (Flyball, 78M, EV 71.9 MPH)
|
|
Batting: RHB Francisco Viera
|
0-0: Ball 1-0: Fielders Choice at 2nd, 6-4 (Groundball, 6, EV 81.2 MPH)
|
| Bottom of the 3rd over - 0 runs, 0 hits, 0 errors, 1 left on base; Rochester 0 - Norfolk 0 |
| TOP OF THE 4TH |
|
Rochester Red Wings batting - Pitching for Norfolk Tides : RHP John Piccola
|
|
Batting: LHB Jayden Thomas
|
0-0: Ball 1-0: Ball 2-0: Called Strike 2-1: Foul Ball, location: 2F 2-2: Foul Ball, location: 2F 2-2: Ball 3-2: Strikes out swinging
|
|
Batting: RHB Juan Espinoza
|
0-0: Called Strike 0-1: Ball 1-1: Foul Ball, location: 2F 1-2: Ball 2-2: Ball 3-2: Base on Balls
|
|
Batting: RHB Ryan Gautney
|
0-0: SINGLE (Groundball, 6MD, EV 95.6 MPH) Juan Espinoza to second Runner from 2nd tries for 3rd, SAFE, throw by CF made to third
|
|
Batting: RHB Mike Craver
|
0-0: Called Strike 0-1: Foul Ball, location: 2F 0-2: Strikes out swinging
|
|
Batting: RHB Jeremy Witt
|
0-0: Called Strike 0-1: Ball 1-1: Ball 2-1: Ball 3-1: Foul Ball, location: 2F 3-2: SINGLE (Groundball, 4D, EV 102.5 MPH) Juan Espinoza scores Ryan Gautney to second Ryan Gautney to third
|
|
Batting: RHB Ratko Macura
|
0-0: SINGLE (Line Drive, 9LS, EV 107.5 MPH) Ryan Gautney scores Jeremy Witt to second
|
|
Batting: SHB Manny Molina
|
0-0: Called Strike 0-1: Ball 1-1: Called Strike 1-2: Foul Ball, location: 2F 1-2: Strikes out looking
|
| Top of the 4th over - 2 runs, 3 hits, 0 errors, 2 left on base; Rochester 2 - Norfolk 0 |
| BOTTOM OF THE 4TH |
|
Norfolk Tides batting - Pitching for Rochester Red Wings : LHP Matt Walton
|
|
Batting: RHB Ashton Holloway
|
0-0: Foul Ball, location: 2F 0-1: SOLO HOME RUN (Flyball, 7D, EV 95.6 MPH), Distance : 386 ft
|
|
Batting: RHB Travis Carter
|
0-0: Swinging Strike 0-1: Called Strike 0-2: Ball 1-2: Ball 2-2: Ball 3-2: Ground out 5-3 (Groundball, 56, EV 83.1 MPH)
|
|
Batting: LHB Pat Shaddock
|
0-0: Ground out 1-3 (Groundball, 13, EV 71.9 MPH)
|
|
Batting: LHB Jose Chinchilla
|
0-0: Fly out, F8 (Flyball, 8RD, EV 99.4 MPH)
|
| Bottom of the 4th over - 1 run, 1 hit, 0 errors, 0 left on base; Rochester 2 - Norfolk 1 |
| TOP OF THE 5TH |
|
Rochester Red Wings batting - Pitching for Norfolk Tides : RHP John Piccola
|
|
Batting: SHB Ian Thompson
|
0-0: Ball 1-0: Ground out 4-3 (Groundball, 4, EV 103.8 MPH)
|
|
Batting: SHB Dan Morataya
|
0-0: Ball 1-0: Ball 2-0: Ball 3-0: Called Strike 3-1: Foul Ball, location: 2F 3-2: Base on Balls
|
|
Batting: LHB Jayden Thomas
|
0-0: Ball Dan Morataya is caught stealing 2nd base 2-6 1-0: Ball 2-0: Ground out U3 (Groundball, 3, EV 109.4 MPH)
|
| Top of the 5th over - 0 runs, 0 hits, 0 errors, 0 left on base; Rochester 2 - Norfolk 1 |
| BOTTOM OF THE 5TH |
|
Norfolk Tides batting - Pitching for Rochester Red Wings : LHP Matt Walton
|
|
Batting: RHB Andrew Korman
|
0-0: Ball 1-0: Fly out, F8 (Flyball, 8LM, EV 90.6 MPH)
|
|
Batting: RHB Bobby Melillo
|
0-0: Foul Ball, location: 2F 0-1: Ball 1-1: Foul Ball, location: 2F 1-2: Strikes out swinging
|
|
Batting: RHB Bobby Scholl
|
0-0: Ball 1-0: Foul Ball, location: 2F 1-1: Swinging Strike 1-2: Ball 2-2: Foul Ball, location: 2F 2-2: Ground out 5-3 (Groundball, 56S, EV 69.4 MPH)
|
| Bottom of the 5th over - 0 runs, 0 hits, 0 errors, 0 left on base; Rochester 2 - Norfolk 1 |
| TOP OF THE 6TH |
|
Rochester Red Wings batting - Pitching for Norfolk Tides : RHP John Piccola
|
|
Batting: RHB Juan Espinoza
|
0-0: Called Strike 0-1: Fly out, F7 (Line Drive, 7S, EV 100.0 MPH)
|
|
Batting: RHB Ryan Gautney
|
0-0: Hit by Pitch
|
|
Batting: RHB Mike Craver
|
0-0: Ball 1-0: Called Strike 1-1: Called Strike 1-2: Ball 2-2: Fielders Choice at 2nd, 4-6 (Groundball, 4, EV 86.2 MPH)
|
|
Pitching: RHP Ferri Adam
|
|
|
Batting: RHB Jeremy Witt
|
0-0: Foul Ball, location: 2F 0-1: Ball 1-1: Foul Ball, location: 2F 1-2: Foul Ball, location: 2F 1-2: Fly out, F8 (Line Drive, 8LM, EV 88.1 MPH)
|
| Top of the 6th over - 0 runs, 0 hits, 0 errors, 1 left on base; Rochester 2 - Norfolk 1 |
| BOTTOM OF THE 6TH |
|
Norfolk Tides batting - Pitching for Rochester Red Wings : LHP Matt Walton
|
|
Batting: RHB Mario Saez
|
0-0: Ball 1-0: Swinging Strike 1-1: Ball 2-1: Swinging Strike 2-2: Foul Ball, location: 2F 2-2: Foul Ball, location: 2F 2-2: Strikes out swinging
|
|
Batting: RHB Francisco Viera
|
0-0: Ball 1-0: Fly out, F8 (Flyball, 8LD, EV 105.0 MPH)
|
|
Batting: RHB Ashton Holloway
|
0-0: SINGLE (Flyball, 8RM, EV 96.9 MPH)
|
|
Batting: RHB Travis Carter
|
0-0: Ground out 4-3 (Groundball, 4, EV 93.1 MPH)
|
| Bottom of the 6th over - 0 runs, 1 hit, 0 errors, 1 left on base; Rochester 2 - Norfolk 1 |
| TOP OF THE 7TH |
|
Rochester Red Wings batting - Pitching for Norfolk Tides : RHP Ferri Adam
|
|
Batting: RHB Ratko Macura
|
0-0: Called Strike 0-1: Ball 1-1: Ball 2-1: Foul Ball, location: 2F 2-2: Strikes out looking
|
|
Batting: SHB Manny Molina
|
0-0: Ball 1-0: Fly out, F8 (Flyball, 8RM, EV 93.8 MPH)
|
|
Batting: SHB Ian Thompson
|
0-0: Ball 1-0: Foul Ball, location: 2F 1-1: Foul Ball, location: 2F 1-2: Foul Ball, location: 2F 1-2: Fly out, F8 (Flyball, 8RS, EV 77.5 MPH)
|
| Top of the 7th over - 0 runs, 0 hits, 0 errors, 0 left on base; Rochester 2 - Norfolk 1 |
| BOTTOM OF THE 7TH |
|
Norfolk Tides batting - Pitching for Rochester Red Wings : LHP Matt Walton
|
|
Batting: LHB Pat Shaddock
|
0-0: Swinging Strike 0-1: Swinging Strike 0-2: SINGLE (Groundball, 4MD, EV 96.9 MPH)
|
|
Pinch Hitting: SHB Brian Bentz
|
0-0: Bunt missed! 0-1: Bunted foul 0-2: Fielders Choice at 2nd, 6-4 (Groundball, 6M, EV 105.0 MPH)
|
|
Pitching: RHP Matt Springer
|
|
|
Batting: RHB Andrew Korman
|
0-0: Called Strike 0-1: Called Strike 0-2: Fly out, F8 (Flyball, 8RM, EV 91.2 MPH)
|
|
Pinch Hitting: LHB Wes Goscinski
|
0-0: Called Strike 0-1: Ball 1-1: Swinging Strike 1-2: Strikes out swinging
|
| Bottom of the 7th over - 0 runs, 1 hit, 0 errors, 1 left on base; Rochester 2 - Norfolk 1 |
| TOP OF THE 8TH |
|
Rochester Red Wings batting - Pitching for Norfolk Tides : RHP Ferri Adam
|
|
Now in LF: Andy Bridger
|
|
|
Now in CF: James Betron
|
|
|
Batting: SHB Dan Morataya
|
0-0: Called Strike 0-1: Ball 1-1: Called Strike 1-2: Strikes out swinging
|
|
Batting: LHB Jayden Thomas
|
0-0: Fly out, F9 (Flyball, 89S, EV 75.0 MPH)
|
|
Batting: RHB Juan Espinoza
|
0-0: Ball 1-0: Fly out, F8 (Flyball, 89M, EV 91.9 MPH)
|
| Top of the 8th over - 0 runs, 0 hits, 0 errors, 0 left on base; Rochester 2 - Norfolk 1 |
| BOTTOM OF THE 8TH |
|
Norfolk Tides batting - Pitching for Rochester Red Wings : RHP Matt Springer
|
|
Batting: RHB Bobby Scholl
|
0-0: Swinging Strike 0-1: Called Strike 0-2: Ball 1-2: Foul Ball, location: 2F 1-2: Ball 2-2: Ball 3-2: Foul Ball, location: 2F 3-2: Base on Balls
|
|
Batting: RHB Mario Saez
|
0-0: Called Strike 0-1: Fly out, F9 (Flyball, 9S, EV 95.6 MPH)
|
|
Batting: RHB Francisco Viera
|
0-0: Called Strike 0-1: Ball 1-1: Foul Ball, location: 2F 1-2: Strikes out swinging
|
|
Batting: RHB Ashton Holloway
|
0-0: Ball 1-0: Called Strike 1-1: Ball 2-1: Called Strike 2-2: Fielders Choice at 2nd, 5-4 (Groundball, 5, EV 84.4 MPH)
|
| Bottom of the 8th over - 0 runs, 0 hits, 0 errors, 1 left on base; Rochester 2 - Norfolk 1 |
| TOP OF THE 9TH |
|
Rochester Red Wings batting - Pitching for Norfolk Tides : RHP Ferri Adam
|
|
Batting: RHB Ryan Gautney
|
0-0: Called Strike 0-1: Ball 1-1: Hit by Pitch
|
|
Batting: RHB Mike Craver
|
0-0: Swinging Strike 0-1: Ball 1-1: Fly out, F4 (Flyball, 4D, EV 90.0 MPH)
|
|
Pinch Hitting: LHB Chris Munguia
|
0-0: Ball 1-0: Called Strike 1-1: Ball 2-1: Foul Ball, location: 2F 2-2: Fly out, F8 (Flyball, 8LM, EV 79.4 MPH)
|
|
Batting: RHB Ratko Macura
|
0-0: Ball 1-0: Swinging Strike 1-1: Ball 2-1: Ball 3-1: Base on Balls Ryan Gautney to second
|
|
Batting: SHB Manny Molina
|
0-0: Called Strike 0-1: Foul Ball, location: 2F 0-2: Ball 1-2: Ground out 3-1 (Groundball, 3L, EV 106.9 MPH)
|
| Top of the 9th over - 0 runs, 0 hits, 0 errors, 2 left on base; Rochester 2 - Norfolk 1 |
| BOTTOM OF THE 9TH |
|
Norfolk Tides batting - Pitching for Rochester Red Wings : RHP Matt Springer
|
|
Pitching: RHP Mark Case
|
|
|
Now at 3B: Cyril Husson
|
|
|
Batting: RHB Travis Carter
|
0-0: SINGLE (Line Drive, 8RS, EV 96.2 MPH)
|
|
Batting: LHB Pat Shaddock
|
0-0: Ball 1-0: Ball 2-0: Bunted foul 2-1: Bunt missed! 2-2: Foul Ball, location: 2F 2-2: Ball 3-2: SINGLE (Groundball, 4MD, EV 96.9 MPH) Travis Carter to second Runner from 2nd tries for 3rd, OUT! 8-5 Pat Shaddock to second
|
|
Batting: LHB James Betron
|
0-0: Ball 1-0: Ball Passed Ball! Pat Shaddock to third 2-0: Called Strike 2-1: SINGLE (Groundball, 6MD, EV 98.8 MPH) Pat Shaddock scores
|
|
Pinch Hitting: SHB Ben Pierce
|
0-0: Ball 1-0: Swinging Strike 1-1: Bunted foul 1-2: Fly out, F7 (Flyball, 7, EV 90.0 MPH)
|
|
Pinch Hitting: LHB Tyler Allen
|
0-0: Ground out U3 (Groundball, 23, EV 86.2 MPH)
|
| Bottom of the 9th over - 1 run, 3 hits, 0 errors, 1 left on base; Rochester 2 - Norfolk 2 |
| TOP OF THE 10TH |
|
Rochester Red Wings batting - Pitching for Norfolk Tides : RHP Ferri Adam
|
|
Pitching: RHP Roger Warren
|
|
|
Now at C: Adam Swimmer
|
|
|
Now in LF: Mario Saez
|
|
|
Now in CF: Tyler Allen
|
|
|
Now in RF: James Betron
|
|
|
Batting: SHB Ian Thompson
|
0-0: Ball 1-0: Foul Ball, location: 2F 1-1: Called Strike 1-2: Strikes out swinging
|
|
Batting: SHB Dan Morataya
|
0-0: Ball 1-0: Called Strike 1-1: Ball 2-1: Ball 3-1: Base on Balls
|
|
Batting: LHB Jayden Thomas
|
0-0: Called Strike 0-1: Ball 1-1: Fielders Choice at 2nd, 5-4 (Groundball, 6, EV 82.5 MPH)
|
|
Batting: RHB Juan Espinoza
|
0-0: Called Strike 0-1: Foul Ball, location: 2F 0-2: Ball 1-2: Foul Ball, location: 2F 1-2: Fly out, F9 (Flyball, 89M, EV 91.2 MPH)
|
| Top of the 10th over - 0 runs, 0 hits, 0 errors, 1 left on base; Rochester 2 - Norfolk 2 |
| BOTTOM OF THE 10TH |
|
Norfolk Tides batting - Pitching for Rochester Red Wings : RHP Mark Case
|
|
Pitching: LHP Brian Walters
|
|
|
Batting: RHB Bobby Scholl
|
0-0: Ball 1-0: Swinging Strike 1-1: Foul Ball, location: 2F 1-2: Strikes out swinging
|
|
Batting: RHB Mario Saez
|
0-0: Called Strike 0-1: SINGLE (Groundball, 4MS, EV 69.4 MPH) (infield hit)
|
|
Batting: RHB Francisco Viera
|
0-0: Called Strike 0-1: Fly out, F8 (Flyball, 8RD, EV 101.2 MPH)
|
|
Batting: RHB Ashton Holloway
|
0-0: Fielders Choice at 2nd, 6-4 (Groundball, 6, EV 81.2 MPH)
|
| Bottom of the 10th over - 0 runs, 1 hit, 0 errors, 1 left on base; Rochester 2 - Norfolk 2 |
| TOP OF THE 11TH |
|
Rochester Red Wings batting - Pitching for Norfolk Tides : RHP Roger Warren
|
|
Batting: RHB Ryan Gautney
|
0-0: Called Strike 0-1: Ball 1-1: Ball 2-1: Foul Ball, location: 2F 2-2: Foul Ball, location: 2F 2-2: SINGLE (Groundball, 5D, EV 94.4 MPH)
|
|
Batting: RHB Mike Craver
|
0-0: Ball 1-0: Ball 2-0: SINGLE (Groundball, 3D, EV 95.0 MPH) Ryan Gautney to second Throwing error, E9 Ryan Gautney scores Mike Craver to second
|
|
Batting: RHB Cyril Husson
|
0-0: Intentional Walk
|
|
Pitching: RHP Aaron Schneider
|
|
|
Batting: RHB Ratko Macura
|
0-0: Swinging Strike 0-1: Ball 1-1: Ball 2-1: Foul Ball, location: 2F 2-2: Ball 3-2: Foul Ball, location: 2F 3-2: Base on Balls Mike Craver to third Cyril Husson to second
|
|
Batting: SHB Manny Molina
|
0-0: Ball 1-0: Ball 2-0: Foul Ball, location: 2F 2-1: Ball 3-1: Called Strike 3-2: Strikes out looking
|
|
Batting: SHB Ian Thompson
|
0-0: Foul Ball, location: 2F 0-1: Ball 1-1: Foul Ball, location: 2F 1-2: Foul Ball, location: 2F 1-2: Ball 2-2: Foul Ball, location: 2F 2-2: Foul Ball, location: 2F 2-2: Ball 3-2: Strikes out swinging
|
|
Batting: SHB Dan Morataya
|
0-0: Foul Ball, location: 2F 0-1: Swinging Strike 0-2: Strikes out swinging
|
| Top of the 11th over - 1 run, 2 hits, 1 error, 3 left on base; Rochester 3 - Norfolk 2 |
| BOTTOM OF THE 11TH |
|
Norfolk Tides batting - Pitching for Rochester Red Wings : LHP Brian Walters
|
|
Batting: RHB Travis Carter
|
0-0: Called Strike 0-1: Ball 1-1: Ball 2-1: Ball 3-1: SINGLE (Line Drive, 8RS, EV 106.9 MPH)
|
|
Batting: LHB Pat Shaddock
|
0-0: Bunted foul 0-1: Bunted foul 0-2: Ball 1-2: Ball 2-2: Foul Ball, location: 2F 2-2: Ball 3-2: Base on Balls Travis Carter to second
|
|
Batting: LHB James Betron
|
0-0: Ball 1-0: Ball 2-0: Sac Bunt to 15S - play at first, batter OUT! 1-4 Travis Carter to third Pat Shaddock to second
|
|
Batting: RHB Adam Swimmer
|
0-0: Ball 1-0: Ball 2-0: Ball 3-0: Called Strike 3-1: Foul Ball, location: 2F 3-2: Foul Ball, location: 2F 3-2: Base on Balls
|
|
Pinch Hitting: RHB Danny Baeza
|
0-0: Called Strike 0-1: Foul Ball, location: 2F 0-2: Ball 1-2: Ball 2-2: Strikes out swinging
|
|
Batting: RHB Bobby Scholl
|
0-0: Ball 1-0: Ball Passed Ball! Travis Carter scores Pat Shaddock to third Adam Swimmer to second 2-0: Intentional Walk
|
|
Batting: RHB Mario Saez
|
0-0: Called Strike 0-1: Ball 1-1: Foul Ball, location: 2F 1-2: Strikes out swinging
|
| Bottom of the 11th over - 1 run, 1 hit, 0 errors, 3 left on base; Rochester 3 - Norfolk 3 |
| TOP OF THE 12TH |
|
Rochester Red Wings batting - Pitching for Norfolk Tides : RHP Aaron Schneider
|
|
Now in CF: James Betron
|
|
|
Now in RF: Danny Baeza
|
|
|
Batting: LHB Jayden Thomas
|
0-0: Called Strike 0-1: Called Strike 0-2: Strikes out swinging
|
|
Batting: RHB Juan Espinoza
|
0-0: Ball 1-0: Ball 2-0: Ball 3-0: Base on Balls
|
|
Batting: RHB Ryan Gautney
|
0-0: Called Strike 0-1: Ball 1-1: Called Strike Juan Espinoza steals 2nd base (no throw) 1-2: Foul Ball, location: 2F 1-2: SINGLE (Groundball, 6MD, EV 97.5 MPH) Juan Espinoza to third Runner from 3rd tries for Home, SAFE, throw by CF to home Ryan Gautney to second
|
|
Pitching: RHP Ryan Hemmerich
|
|
|
Batting: RHB Mike Craver
|
0-0: Called Strike 0-1: Ball 1-1: Ball 2-1: Ground out 5-3 (Groundball, 5L, EV 84.4 MPH)
|
|
Batting: RHB Cyril Husson
|
0-0: Called Strike 0-1: Called Strike 0-2: Strikes out looking
|
| Top of the 12th over - 1 run, 1 hit, 0 errors, 1 left on base; Rochester 4 - Norfolk 3 |
| BOTTOM OF THE 12TH |
|
Norfolk Tides batting - Pitching for Rochester Red Wings : LHP Brian Walters
|
|
Pitching: RHP Matthew Lange
|
|
|
Batting: RHB Francisco Viera
|
0-0: Called Strike 0-1: SINGLE (Groundball, 6D, EV 104.4 MPH)
|
|
Batting: RHB Ashton Holloway
|
0-0: Foul Ball, location: 2F 0-1: Called Strike 0-2: Strikes out swinging
|
|
Batting: RHB Travis Carter
|
0-0: Swinging Strike 0-1: Ball 1-1: Swinging Strike 1-2: Strikes out swinging
|
|
Batting: LHB Pat Shaddock
|
0-0: Called Strike 0-1: Ball 1-1: Called Strike 1-2: SINGLE (Groundball, 56S, EV 73.8 MPH) (infield hit) Francisco Viera to second
|
|
Batting: LHB James Betron
|
0-0: Called Strike 0-1: Ball 1-1: Ball 2-1: Ground out 3-1 (Groundball, 34S, EV 85.6 MPH)
|
| Bottom of the 12th over - 0 runs, 2 hits, 0 errors, 2 left on base; Rochester 4 - Norfolk 3 |
|